 Dungeon Crawl Stone Soup version 0.24-b1-44-g37ad8b309f (webtiles) character file.

Game seed: 8192958204379067922, levelgen mode: deterministic

4105 Emblim88 the Grappler (level 10, -8/98 HPs)
             Began as a Troll Monk on Oct 23, 2019.
             Was a Believer of Qazlal.
             Mangled by an orc warrior
             ... wielding a +0 battleaxe
              (24 damage)
             ... on level 8 of the Dungeon.
             The game lasted 00:12:05 (5254 turns).

Emblim88 the Grappler (Troll Monk)                  Turns: 5254, Time: 00:12:06

Health: -8/98      AC:  6    Str: 24    XL:     10   Next: 6%
Magic:  0/12       EV: 12    Int:  6    God:    Qazlal [**....]
Gold:   405        SH:  3    Dex: 12    Spells: 9/9 levels left

rFire    + . .     SeeInvis .     - Unarmed
rCold    . . .     Gourm    +   (no shield)
rNeg     + . .     Faith    .   w - +0 robe {rF+}
rPois    .         Spirit   +   (helmet restricted)
rElec    .         Reflect  .   (no cloak)
rCorr    .         Harm     .   (gloves unavailable)
MR       .....                  (boots unavailable)
Stlth    +.........             o - amulet of guardian spirit
HPRegen  0.66/turn              d - ring of positive energy
MPRegen  0.13/turn              p - ring of flight

@: hasted, very quick
A: large, unfitting armour, claws 3, fast metabolism 3, gourmand, regeneration
1, shaggy fur 1, tough skin 3
a: Upheaval, Renounce Religion, Evoke Flight


You were on level 8 of the Dungeon.
You worshipped Qazlal.
Qazlal was pleased with you.
You were not hungry.

You visited 2 branches of the dungeon, and saw 9 of its levels.
You also visited: Sewer.

You collected 405 gold pieces.

Inventory:

Missiles
 j - 38 poisoned darts (quivered)
Armour
 w - a +0 robe of fire resistance (worn)
Magical Staves
 c - an uncursed staff of air
Jewellery
 d - a ring of positive energy (left claw)
 k - an uncursed amulet of rage {unknown}
 o - an amulet of guardian spirit (around neck)
 p - a ring of flight (right claw)
Wands
 s - a wand of flame (27)
Scrolls
 e - 2 scrolls of fear
 f - 3 scrolls of enchant weapon
 g - 3 scrolls of remove curse
 h - 3 scrolls of enchant armour
 i - 3 scrolls of magic mapping
 m - 2 scrolls of blinking
 t - a scroll of immolation {unknown}
 v - 2 scrolls of amnesia
 y - 2 scrolls of teleportation {unknown}
 C - 3 scrolls of torment {unknown}
 D - a scroll of identify
Potions
 a - a potion of resistance {unknown}
 l - a potion of brilliance {unknown}
 n - 2 potions of curing
 q - 3 potions of berserk rage
 r - a potion of might
 x - a potion of invisibility {unknown}
 z - a potion of agility {unknown}
 A - 2 potions of heal wounds {unknown}
 B - 2 potions of magic {unknown}
Comestibles
 b - 12 rations


   Skills:
 + Level 6.1 Fighting
 + Level 6.0 Dodging
 - Level 1.0 Stealth
 * Level 8.1 Unarmed Combat
 * Level 4.1 Invocations
 + Level 4.9 Evocations


You had 9 spell levels left.
You didn't know any spells.
Your spell library was empty.

Dungeon Overview and Level Annotations

Branches:
Dungeon (8/15)             Temple (1/1) D:6           Sewer (visited)
   Lair: D:8-11

Altars:
Ashenzari
Cheibriados
Dithmenos
Fedhas
Gozag
Hepliaklqana
Kikubaaqudgha
Makhleb
Nemelex Xobeh
Okawaru
Qazlal
Ru
Sif Muna
Trog
Uskayaw
Vehumet
Wu Jian
Xom
Zin
The Shining One


Innate Abilities, Weirdness & Mutations

You are too large for most types of armour.
You have claws for hands.
Your metabolism is lightning-fast.
You like to eat raw meat.
Your natural rate of healing is unusually fast.
You are covered in fur. (AC +1)
You have extremely tough skin. (AC +3)


Message History

You are too injured to fight recklessly!
You are too injured to fight recklessly!
You scratch the orc warrior but do no damage.
Your claw misses the orc warrior.
The orc warrior is severely wounded.
The orc warrior hits you with a +0 battleaxe!
You barely miss the orc warrior.
The orc warrior is severely wounded.
You barely miss the orc warrior.
The orc warrior is severely wounded.
The orc warrior hits you with a +0 battleaxe!!
* * * LOW HITPOINT WARNING * * *
You scratch the orc warrior.
The orc warrior is almost dead.
You closely miss the orc warrior.
The orc warrior is almost dead.
You closely miss the orc warrior.
The orc warrior is almost dead.
The orc warrior hits you with a +0 battleaxe!!
You die...

....# #########..## #
#......# ## #.#....##
.#####.#.....#### .......#
....... .....#.# #...#
#.........
####.#.####...####.........
####.#..........@#.........
........#####.##)o.........
####......# #.####.........
#.#..#.# #.. ...........
...#..#.# #### #.........
###.#... # #.<.(.....
....##. ########## #.### .#
#. #


You could see an orc warrior.

Vanquished Creatures
  Gastronok (D:8)
  Purgy (Sewer)
  An orc warrior (D:7)
  2 sky beasts
  A phantom (D:5)
  8 centaurs
  2 ogres (D:4)
  Blork the orc (D:6)
  A scorpion (D:7)
  7 wights
  A howler monkey (D:8)
  4 crimson imps
  A bullfrog zombie (D:5)
  A centaur zombie (D:7)
  A centaur skeleton (D:8)
  3 orc priests
  2 bullfrog skeletons
  2 hounds (D:5)
  An iguana (D:4)
  A jelly (D:6)
  Jessica (D:2)
  An orc wizard (D:6)
  5 worker ants
  Robin (D:2)
  3 gnolls (D:3)
  A worker ant zombie (D:6)
  2 river rats (D:4)
  6 adders
  2 oozes
  4 worms
  A dart slug (D:1)
  5 leopard geckos
  23 orcs
  2 giant cockroaches
  16 goblins
  9 hobgoblins
  11 jackals
  2 quokkas
  7 bats
  4 frilled lizards
  A giant cockroach zombie (D:5)
  9 kobolds
  A leopard gecko skeleton (D:7)
  A quokka skeleton (D:5)
  9 rats
169 creatures vanquished.

Vanquished Creatures (others)
  A jackal (D:5)
  4 plants (D:6)
5 creatures vanquished.

Grand Total: 174 creatures vanquished

Notes
Turn   | Place    | Note
-------+----------+-------------------------------------------
     0 | D:1      | Emblim88 the Troll Monk began the quest for the Orb.
     0 | D:1      | Reached XP level 1. HP: 22/22 MP: 0/0
   131 | D:1      | Reached XP level 2. HP: 29/29 MP: 1/1
   490 | D:1      | Reached XP level 3. HP: 36/36 MP: 2/2
   711 | D:2      | Noticed Robin
   728 | D:2      | Killed Robin
   913 | D:2      | Noticed Jessica
   917 | D:2      | Killed Jessica
   917 | D:2      | Reached XP level 4. HP: 44/45 MP: 3/3
  1133 | D:2      | Reached skill level 4 in Unarmed Combat
  1829 | D:3      | Found a white marble altar of Elyvilon.
  1831 | D:3      | Found a hazy altar of Hepliaklqana.
  1831 | D:3      | Found an opulent altar of Gozag.
  1833 | D:3      | Found a shimmering altar of Xom.
  1833 | D:3      | Found a radiant altar of Vehumet.
  1833 | D:3      | Found a bloodstained altar of Trog.
  1927 | D:3      | Reached XP level 5. HP: 48/53 MP: 4/4
  2061 | D:4      | Found a shattered altar of Ashenzari.
  2244 | D:4      | Noticed an ogre
  2249 | D:4      | Killed an ogre
  2249 | D:4      | Reached XP level 6. HP: 62/62 MP: 5/5
  2428 | D:4      | Found a glowing drain.
  2439 | Sewer    | Entered a sewer
  2508 | Sewer    | Noticed Purgy
  2521 | Sewer    | Killed Purgy
  2521 | Sewer    | Reached skill level 5 in Unarmed Combat
  2768 | D:5      | Entered Level 5 of the Dungeon
  2778 | D:4      | Reached skill level 1 in Evocations
  2778 | D:4      | Reached XP level 7. HP: 11/70 MP: 1/6
  3180 | D:5      | Reached XP level 8. HP: 74/79 MP: 6/8
  3308 | D:5      | Reached skill level 6 in Unarmed Combat
  3492 | D:6      | Reached skill level 5 in Dodging
  3494 | D:6      | Reached skill level 5 in Fighting
  3768 | D:6      | Found a staircase to the Ecumenical Temple.
  3788 | Temple   | Entered the Ecumenical Temple
  3939 | Temple   | Became a worshipper of Qazlal Stormbringer
  3939 | Temple   | Reached * piety under Qazlal
  3939 | Temple   | Reached ** piety under Qazlal
  3977 | D:6      | Noticed Blork the orc
  4086 | D:6      | Killed Blork the orc
  4279 | D:6      | Found a glowing silver altar of Zin.
  4465 | D:6      | Reached skill level 1 in Invocations
  4465 | D:6      | Reached XP level 9. HP: 79/88 MP: 9/11
  4743 | D:7      | Reached skill level 7 in Unarmed Combat
  5173 | D:8      | Noticed Gastronok
  5245 | D:8      | Killed Gastronok
  5245 | D:8      | Reached skill level 8 in Unarmed Combat
  5245 | D:8      | Reached XP level 10. HP: 54/98 MP: 6/12
  5254 | D:8      | Mangled by an orc warrior

Skill      XL: |  1  2  3  4  5  6  7  8  9 |
---------------+----------------------------+-----
Dodging        | 3 4 5 6 |  6.0
Fighting       | 3 4 5 6 |  6.1
Unarmed Combat | 4 5 6 8 |  8.1
Evocations     | 1 2 4 |  4.9
Invocations    | 1 4 |  4.1
Stealth        | |  1.0

Action                   |  1- 3 |  4- 6 |  7- 9 | 10-12 || total
-------------------------+-------+-------+-------+-------++-------
Melee: Unarmed           |    92 |   144 |   234 |     7 ||   477
       Punch             |       |     2 |     9 |       ||    11
  Use: Potion            |     4 |       |     2 |     2 ||     8
       Scroll            |       |       |     8 |       ||     8
 Stab: Sleeping          |     3 |     1 |       |       ||     4
  Eat: Chunk             |    11 |    13 |    16 |       ||    40
       Ration            |       |     1 |     1 |       ||     2
Armor: Robe              |    26 |    36 |    63 |       ||   125
       Skin              |    52 |       |       |       ||    52
Dodge: Dodged            |    60 |    77 |   128 |       ||   265
Block: Other             |       |       |    10 |     1 ||    11
